Map: New Gettysburg LE

Players

ShoWTimE - Winner!

  • Race: Protoss Protoss

Snute

  • Race: Zerg Zerg

Event: WCS Copa Intercontinental

VOD

https://www.youtube.com/watch?v=qfoVJTRpO_A

Description

Time

  • Played on: Sept. 11, 2016, 6:23 p.m.
  • Length: 14:24

All games in this series

Show
View Real Time Build Order
Export as new Build Order

ShoWTimE Protoss - Winner!

Build Orders: Nexus First 

Get SALT Encoding   

  12  0:01  Probe (Chrono Boost)  
  13  0:11  Probe (Chrono Boost)  
  14  0:19  Pylon  
  14  0:22  Probe (Chrono Boost)  
  15  0:37  Probe (Chrono Boost)  
  16  0:48  Probe (Chrono Boost)  
  17  1:01  Nexus  
  18  1:04  Probe (Chrono Boost)  
  18  1:16  Gateway  
  18  1:19  Probe (Chrono Boost)  
  19  1:27  Assimilator  
  19  1:30  Probe (Chrono Boost)  
  20  1:34  Assimilator  
  20  1:40  Probe (Chrono Boost)  
  20  1:45  Gateway  
  21  1:51  Probe (Chrono Boost)  
  22  2:01  Probe (Chrono Boost)  
  22  2:04  Cybernetics Core  
  23  2:12  Probe (Chrono Boost)  
  23  2:13  Probe (Chrono Boost)  
  25  2:23  Probe x2 (Chrono Boost)  
  27  2:34  Probe x2 (Chrono Boost)  
  27  2:37  Stalker x2  
  29  2:42  Warp Gate  
  33  2:49  Mothership Core (Chrono Boost)  
  36  2:51  Probe (Chrono Boost)  
  36  2:56  Pylon  
  36  3:04  Probe (Chrono Boost)  
  37  3:08  Probe (Chrono Boost)  
  37  3:10  Zealot  
  38  3:16  Probe (Chrono Boost)  
  38  3:18  Probe (Chrono Boost)  
  38  3:19  Pylon  
  42  3:23  Assimilator  
  42  3:25  Assimilator  
  43  3:28  Probe (Chrono Boost)  
  43  3:29  Probe (Chrono Boost)  
  44  3:38  Probe (Chrono Boost)  
  44  3:39  Probe (Chrono Boost)  
  46  3:42  Stargate  
  46  3:43  Stargate  
  46  3:48  Pylon  
  46  3:49  Probe (Chrono Boost)  
  46  3:50  Probe (Chrono Boost)  
  48  4:00  Probe (Chrono Boost)  
  48  4:01  Robotics Facility  
  50  4:07  Gateway  
  50  4:09  Pylon  
  49  4:10  Probe (Chrono Boost)  
  49  4:11  Probe (Chrono Boost)  
  49  4:16  Pylon  
  51  4:21  Probe (Chrono Boost)  
  51  4:22  Probe (Chrono Boost)  
  53  4:24  Phoenix  
  53  4:25  Phoenix  
  57  4:34  Probe (Chrono Boost)  
  57  4:35  Probe (Chrono Boost)  
  59  4:44  Protoss Air Weapons Level 1  
  59  4:46  Phoenix, Warp Prism  
  59  4:49  Phoenix  
  65  4:55  Probe (Chrono Boost)  
  65  4:59  Pylon  
  66  5:02  Probe (Chrono Boost)  
  68  5:07  Probe (Chrono Boost)  
  68  5:08  Phoenix  
  68  5:14  Phoenix  
  73  5:15  Probe (Chrono Boost)  
  73  5:19  Probe (Chrono Boost)  
  74  5:30  Phoenix  
  74  5:33  Probe x2 (Chrono Boost)  
  78  5:37  Nexus  
  78  5:39  Phoenix  
  78  5:40  Pylon  
  80  5:47  Probe (Chrono Boost)  
  81  5:51  Phoenix  
  81  5:54  Pylon  
  83  5:57  Sentry  
  83  5:59  Immortal  
  83  6:04  Phoenix, Probe x2 (Chrono Boost)  
  93  6:13  Phoenix  
  93  6:14  Pylon  
  95  6:29  Phoenix  
  95  6:30  Probe x2 (Chrono Boost)  
  99  6:34  Forge  
  99  6:41  Assimilator  
  99  6:42  Probe (Chrono Boost)  
  99  6:43  Probe (Chrono Boost)  
  101  6:54  Assimilator, Probe (Chrono Boost)  
  103  6:55  Probe (Chrono Boost)  
  103  7:01  Void Ray  
  103  7:07  Void Ray  
  103  7:08  Stargate, Probe (Chrono Boost)  
  112  7:19  Probe (Chrono Boost)  
  113  7:28  Photon Cannon  
  113  7:29  Fleet Beacon, Probe (Chrono Boost)  
  114  7:32  Photon Cannon  
  114  7:40  Probe (Chrono Boost)  
  115  7:50  Probe (Chrono Boost)  
  116  8:01  Probe (Chrono Boost)  
  116  8:03  Nexus  
  117  8:06  Pylon  
  117  8:08  Pylon  
  117  8:10  Photon Cannon  
  117  8:11  Protoss Shields Level 1  
  117  8:12  Graviton Catapult, Probe (Chrono Boost), Photon Cannon  
  118  8:13  Carrier  
  118  8:14  Carrier  
  118  8:15  Carrier  
  124  8:24  Probe (Chrono Boost)  
  137  8:31  Pylon  
  137  8:40  Pylon  
  135  8:50  Twilight Council  
  135  9:05  Sentry  
  135  9:07  Photon Cannon  
  135  9:08  Pylon  
  137  9:15  Sentry  
  139  9:24  Cybernetics Core, Probe (Chrono Boost)  
  139  9:26  Assimilator  
  139  9:27  Carrier  
  139  9:29  Carrier  
  139  9:30  Assimilator  
  140  9:35  Probe (Chrono Boost)  
  141  9:40  Carrier  
  141  9:42  Photon Cannon  
  160  9:45  Probe (Chrono Boost)  
  160  9:46  Photon Cannon  
  160  9:50  Photon Cannon  
  160  9:54  Photon Cannon  
  160  9:56  Probe (Chrono Boost)  
  160  9:59  Protoss Air Armor Level 1  
  161  10:01  Gateway  
  161  10:06  Protoss Air Weapons Level 2, Probe (Chrono Boost), Pylon  
  162  10:07  Pylon  
  162  10:14  Photon Cannon  
  162  10:17  Photon Cannon  
  162  10:19  Stargate  
  162  10:26  Templar Archives  
  160  10:29  Resonating Glaives  
  160  10:31  Photon Cannon  
  160  10:35  Pylon  
  160  10:37  Gateway  
  160  10:38  Gateway  
  160  10:48  Carrier  
  160  10:52  Carrier  
  160  10:56  Pylon  
  172  10:58  Protoss Shields Level 2  
  172  10:59  Gateway  
  172  11:10  Carrier  
  172  11:13  Psionic Storm  
  178  11:20  Adept  
  180  11:27  Gateway  
  180  11:28  Gateway  
  180  11:34  Carrier  
  186  11:44  High Templar  
  188  11:48  Adept x2  
  192  12:14  Carrier  
  198  12:17  Adept  
  196  12:59  Stalker  
  196  13:00  Stalker x2  
  194  13:22  Adept x3  
  198  13:51  Adept  
  198  13:52  Adept  
  196  14:05  High Templar x2, Nexus  
  196  14:08  Pylon  
  200  14:10  Archon  
  200  14:13  High Templar  
Show
View Real Time Build Order
Export as new Build Order

Snute Zerg 

Build Orders: Pool First 

Get SALT Encoding   

  12  0:00  Drone  
  13  0:13  Overlord  
  13  0:17  Drone  
  14  0:31  Drone x2  
  14  0:35  Drone  
  17  0:45  Spawning Pool  
  17  0:50  Drone  
  17  0:56  Drone  
  18  1:07  Drone  
  19  1:22  Hatchery  
  18  1:26  Overlord  
  18  1:31  Extractor  
  17  1:33  Queen  
  17  1:37  Zergling x2  
  20  1:40  Drone  
  21  1:50  Drone  
  22  2:01  Drone  
  23  2:09  Queen  
  25  2:22  Drone, Hatchery  
  25  2:24  Drone  
  26  2:31  Metabolic Boost  
  26  2:34  Drone  
  27  2:38  Drone  
  27  2:41  Drone  
  27  2:44  Drone  
  30  2:47  Drone  
  30  2:51  Overlord  
  31  2:55  Zergling x2  
  32  2:59  Zergling x4  
  34  3:06  Drone  
  34  3:07  Drone  
  36  3:18  Zergling x8  
  36  3:19  Zergling x4  
  42  3:22  Overlord  
  42  3:29  Drone  
  42  3:32  Drone  
  42  3:34  Overlord  
  44  3:35  Evolution Chamber  
  44  3:40  Drone  
  44  3:42  Drone  
  44  3:46  Drone  
  46  3:49  Spore Crawler  
  46  3:50  Spore Crawler  
  46  3:51  Drone x2  
  46  3:52  Drone  
  46  3:55  Drone  
  48  3:57  Drone  
  48  3:59  Drone  
  48  4:01  Drone  
  51  4:04  Zerg Melee Weapons Level 1  
  51  4:08  Drone  
  51  4:09  Drone  
  52  4:11  Drone  
  52  4:15  Spore Crawler  
  52  4:19  Drone x3  
  52  4:21  Drone  
  52  4:22  Drone  
  57  4:25  Drone  
  57  4:26  Drone  
  59  4:32  Roach Warren, Drone  
  59  4:35  Drone, Extractor  
  59  4:36  Drone  
  59  4:37  Drone  
  61  4:40  Overlord  
  61  4:43  Overlord  
  61  4:48  Overlord  
  61  4:51  Queen  
  63  4:53  Overlord  
  63  4:57  Overlord  
  63  5:13  Roach x9  
  81  5:18  Roach  
  81  5:19  Roach x2  
  87  5:22  Roach  
  87  5:24  Overlord  
  87  5:27  Roach  
  89  5:50  Drone  
  89  5:51  Drone x7  
  89  5:53  Drone, Hatchery  
  89  5:55  Hatchery  
  94  5:57  Drone  
  94  5:58  Drone x5  
  98  6:07  Overlord  
  98  6:08  Drone x2  
  98  6:10  Drone x3  
  95  6:19  Drone  
  95  6:20  Drone x2  
  92  6:29  Queen x2, Drone x3  
  92  6:30  Spore Crawler  
  92  6:32  Spore Crawler  
  97  6:33  Spore Crawler, Drone x2  
  97  6:35  Drone  
  97  6:37  Drone x2  
  97  6:38  Drone  
  101  6:50  Drone x3  
  101  6:54  Spore Crawler, Drone x3  
  101  6:55  Spore Crawler, Drone x2  
  101  6:58  Drone  
  101  7:00  Hatchery  
  104  7:02  Drone  
  104  7:05  Drone  
  102  7:10  Queen, Spore Crawler  
  102  7:11  Spore Crawler x2, Drone x5  
  102  7:12  Spore Crawler  
  103  7:16  Drone  
  103  7:21  Baneling Nest  
  103  7:22  Lair  
  101  7:25  Hatchery  
  101  7:26  Drone x5, Zerg Ground Armor Level 1  
  101  7:27  Drone x2, Extractor  
  101  7:28  Drone  
  107  7:30  Extractor  
  107  7:31  Drone, Extractor  
  107  7:36  Drone  
  107  7:37  Queen  
  107  7:42  Drone x3  
  107  7:43  Queen  
  111  7:46  Drone x2  
  111  7:47  Spore Crawler, Drone x4, Queen  
  111  7:48  Drone x2  
  114  7:51  Drone x2  
  114  7:52  Drone  
  114  7:56  Overlord x3  
  117  8:04  Spore Crawler  
  117  8:05  Drone, Overlord x2  
  117  8:17  Zergling x14  
  124  8:21  Zergling x18  
  125  8:29  Zergling x6  
  125  8:32  Drone x3  
  125  8:33  Drone x2, Centrifical Hooks  
  132  8:39  Drone x4  
  132  8:40  Spire  
  133  8:43  Zergling x4  
  133  8:45  Queen x2  
  139  8:48  Zergling x2  
  139  8:49  Zergling x26  
  139  8:51  Baneling  
  139  8:52  Baneling x20  
  139  8:54  Baneling  
  152  9:01  Baneling  
  152  9:02  Baneling x3  
  150  9:04  Zergling x20  
  150  9:06  Hatchery  
  158  9:10  Zergling x14  
  152  9:17  Zergling x2  
  152  9:18  Zergling x20  
  159  9:27  Infestation Pit  
  158  9:33  Extractor  
  158  9:34  Zergling x26  
  158  9:38  Overlord x5  
  169  9:44  Zerg Melee Weapons Level 2  
  168  9:47  Overlord  
  168  9:48  Overlord  
  165  10:02  Drone  
  165  10:03  Drone x5, Extractor  
  165  10:05  Drone x3, Extractor  
  165  10:06  Drone x4, Extractor  
  175  10:07  Pneumatized Carapace  
  175  10:18  Nydus Network  
  175  10:19  Drone x4  
  175  10:20  Drone  
  175  10:21  Queen x4  
  179  10:26  Spore Crawler  
  175  11:08  Corruptor x12  
  196  11:15  Hive  
  192  11:23  Extractor  
  192  11:24  Drone x8  
  193  11:56  Spore Crawler  
  193  11:57  Spore Crawler  
  193  11:58  Corruptor x5  
  198  12:01  Spore Crawler  
  198  12:04  Corruptor  
  198  12:05  Corruptor x2  
  196  12:12  Spore Crawler  
  187  12:17  Spore Crawler, Queen x3  
  187  12:19  Corruptor x7  
  187  12:22  Zergling x8  
  195  12:23  Zergling x8  
  195  12:26  Queen, Extractor  
  195  12:27  Extractor  
  195  12:29  Spore Crawler  
  190  12:33  Corruptor  
  190  12:34  Corruptor x2  
  190  12:37  Corruptor  
  190  12:41  Drone  
  190  12:42  Drone x2  
  190  12:43  Corruptor  
  192  12:45  Zergling x16  
  185  13:03  Corruptor x4  
  185  13:04  Queen x4, Hatchery  
  175  13:14  Queen x2, Corruptor  
  175  13:15  Corruptor  
  165  13:23  Zergling x36  
  165  13:24  Zergling x2  
  165  13:26  Corruptor x2  
  185  13:30  Corruptor  
  171  13:34  Corruptor  
  171  13:37  Spore Crawler x2  
  171  13:38  Drone x8  
  177  13:46  Corruptor  
  177  13:47  Corruptor  
  160  13:49  Zergling x2  
  160  13:50  Zergling x30  
Tags
 
Add a new tag
Caveats
  • Supply blocks, unpowered buildings, or Contaminate may cause inaccurate times.
  • Supply counts are checked every 10 seconds.